 Dungeon Crawl Stone Soup version 0.29-a0-275-g389c0b56f3 (webtiles) character file.

Game seed: 9939902216585559352

480 spaghetti the Cudgeller (level 7, -1/31 (35) HPs)
             Began as a Vine Stalker Chaos Knight on Mar 9, 2022.
             Was a Plaything of Xom.
             Slain by an orc warrior
             ... wielding a +1 mace of draining
              (5 damage)
             ... on level 5 of the Dungeon.
             The game lasted 00:06:22 (3124 turns).

spaghetti the Cudgeller (Vine Stalker Chaos Knight) Turns: 3124, Time: 00:06:22

HP:   -1/31 (35)    AC:  6    Str: 16    XL:     7   Next: 11%
MP:   0/8           EV: 11    Int: 12    God:    Xom [..*...]
Gold: 192           SH:  0    Dex: 16    Spells: 6/6 levels left

rFire   . . .      SeeInvis .   g - +2 whip (vamp) {mace}
rCold   . . .      Faith    .   (no shield)
rNeg    . . .      Spirit   +   b - +2 leather armour
rPois   .          Reflect  .   (helmet restricted)
rElec   .          Harm     .   (no cloak)
rCorr   .          Rampage  .   j - +0 pair of gloves
Will    .....                   (no boots)
Stlth   +.........              (no amulet)
HPRegen 0.90/turn               (no ring)
MPRegen 0.11/turn               (no ring)

@: heavily drained
A: fangs 2, regeneration 1, magic shield, antimagic bite, no potion heal 2,
antennae 1, agile 1
a: Renounce Religion


You were on level 5 of the Dungeon.
You worshipped Xom.
You were a toy of Xom.
You visited 1 branch of the dungeon, and saw 5 of its levels.

You collected 192 gold pieces.


Innate Abilities, Weirdness & Mutations

You have extremely sharp teeth.
Your natural rate of healing is unusually fast.
When hurt, damage is shared between your health and your magic reserves.
Your bite disrupts and absorbs the magic of your enemies.
Potions cannot restore your health.
You have a pair of small antennae on your head.
You are agile. (Dex +2)


   Skills:
 - Level 2.6 Fighting
 - Level 3.6 Short Blades
 + Level 6.0 Maces & Flails
 - Level 1.5 Armour
 - Level 0.7 Dodging


You had 6 spell levels left.
You didn't know any spells.
Your spell library contained the following spells:

 Spells                   Type           Power      Damage    Failure   Level
 Animate Skeleton         Necr           0%         N/A       38%         1
 Apportation              Tloc           0%         N/A       38%         1
 Slow                     Hex            0%         N/A       38%         1
 Summon Small Mammal      Summ           0%         N/A       38%         1
 Confusing Touch          Hex            0%         N/A       77%         3
 Vampiric Draining        Necr           0%         2d6       77%         3
 Summon Forest            Summ/Tloc      0%         N/A       100%        5
 Summon Mana Viper        Hex/Summ       0%         N/A       100%        5
 Summon Cactus Giant      Summ           0%         N/A       100%        6

Inventory:

Hand Weapons
 a - a +0 short sword of chaos {short}
 g - a +2 vampiric whip (weapon) {mace}
   (You took it off a kobold on level 1 of the Dungeon)
Missiles
 e - 120 stones {throwing}
 o - 2 boomerangs {throwing}
 q - 6 poisoned darts {throwing}
Armour
 b - a +2 leather armour (worn)
 j - a +0 pair of gloves (worn)
   (You found it on level 3 of the Dungeon)
 p - a +0 helmet
   (You found it on level 3 of the Dungeon)
Scrolls
 f - a scroll of blinking {!r}
 h - a scroll of enchant weapon
 i - a scroll of teleportation {@r4}
 l - 2 scrolls of vulnerability {!r!r}
 m - a scroll of amnesia
 n - 3 scrolls of identify {@r1}
Potions
 d - a potion of flight
 k - a potion of haste {@q3}
Miscellaneous
 c - a piece from Xom's chessboard (15/15) (quivered)

Dungeon Overview and Level Annotations

Branches:
Dungeon (5/15)
 Temple: D:4-7

Altars:

.#. .. .. .. #. ...
..#.. .... #... >#
....##... ##.#
....o#..# .#..#
.......ooo# .....
........oo# ......
........o@####......
.....#####..........
#....#####..##...
#....##..###
#........##
##........... #
##..##.....# #.
##..>####.##
#..####.#..# .#


You could see an orc warrior (ally target), an orc priest, 4 orcs and a friendly
orc (charmed).


Message History

You now have 35 max hp (+3).
You regained 4 hp, and now have 33/35 hp.
You swap places.
You swap places.
Found a stone staircase leading down. 😎 HP[+2] MP[+2]
Your hp is fully restored (35).
Your mp is fully restored (8).
Found a glowing short sword.
An orc comes into view. It is wielding a +0 hand axe.
Found an escape hatch in the floor.
You swap places.
An orc comes into view. It is wielding a +0 flail.
The orc shouts!
You hear a shout! x3
An orc warrior comes into view. It is wielding a +1 mace of draining.
An orc wizard comes into view. It is wielding a +0 dagger.
An orc comes into view. It is wielding a +0 mace.
The orc wizard shouts!
You hear a shout! x2
An orc comes into view. It is wielding a +0 flail.
The orc shouts!
An orc comes into view. It is wielding a +0 club.
The orc shouts!
An orc priest comes into view. It is wielding a +0 hand axe.
The orc hits you but does no damage. The orc misses your quasit.
An orc comes into view. It is wielding a +0 short sword.
Your quasit bites the orc.
Your quasit claws the orc. x2
You closely miss the orc. The orc hits you with a +0 hand axe.
The orc completely misses your quasit.
Your quasit completely misses the orc.
Your quasit barely misses the orc.
Your quasit claws the orc.
The orc dies! 😕 HP[-4] MP[-1]
You take 4 damage, and now have 31/35 hp.
You lost 1 mp, and now have 7/8 mp.
You hit the orc wizard.
You feel better.
Your quasit bites the orc wizard.
Your quasit misses the orc wizard.
Your quasit barely misses the orc wizard.
The orc wizard closely misses you. 😕 HP[+2]
You regained 2 hp, and now have 33/35 hp.
You closely miss the orc wizard. You bite the orc wizard.
The orc wizard's magic leaks into the air.
You drain its magic.
You feel invigorated.
Your quasit barely misses the orc wizard.
Your quasit claws the orc wizard.
Your quasit claws the orc wizard but does no damage.
The orc throws a boomerang.
The boomerang hits you but does no damage.
The orc wizard hits you but does no damage.
The orc warrior barely misses you. 😕 HP[+1] MP[+1]
Your mp is fully restored (8).
You miss the orc wizard.
You punch the orc wizard, but do no damage.
You bite the orc wizard.
You kill the orc wizard!
Your Maces & Flails skill increases to level 6!
You closely miss the orc warrior. The orc hits you with a +0 mace.
The orc warrior closely misses you.
Your quasit bites the orc warrior but does no damage.
Your quasit claws the orc warrior but does no damage.
Your quasit claws the orc warrior. 😕 HP[-2] MP[-1]
You take 2 damage, and now have 32/35 hp.
You lost 1 mp, and now have 7/8 mp.
You closely miss the orc warrior.
You bite the orc warrior, but do no damage.
Your quasit bites the orc warrior but does no damage.
Your quasit claws the orc warrior but does no damage. x2
The orc warrior completely misses you. 😕 HP[+1]
You closely miss the orc warrior.
You bite the orc warrior, but do no damage.
Your quasit closely misses the orc warrior.
Your quasit claws the orc warrior but does no damage.
Your quasit barely misses the orc warrior.
The orc warrior hits your quasit with a +1 mace of draining!
Your quasit dies!
Your quasit disappears in a puff of smoke! 😕 HP[+1]
You closely miss the orc warrior.
Xom's power touches on a nearby monster.
The orc is charmed.
You are now a toy of Xom.
The orc warrior hits you with a +1 mace of draining!
You feel drained. The orc barely misses you.
The orc hits you but does no damage. The orc misses you. 😮 HP[-14] MP[-2]
You now have 33 max hp (-2).
You take 14 damage, and now have 20/33 hp.
MASSIVE DAMAGE!! (PAUSE)
You lost 2 mp, and now have 5/8 mp.
Your orc hits the orc warrior with a +0 short sword!
The orc priest invokes the aid of Beogh against you.
Beogh smites you!
* * * LOW HITPOINT WARNING * * *
The orc warrior hits you with a +1 mace of draining!
* * * LOW HITPOINT WARNING * * *
You feel drained.
You die...
Xom chuckles heartily!

Skill      XL: |  1  2  3  4  5  6  7 |
---------------+----------------------+-----
Short Blades   | 3 |  3.6
Maces & Flails | 3 4 5 6 |  6.0
Fighting       | |  2.6
Armour         | |  1.5
Dodging        | |  0.7

Action                   |  1- 3 |  4- 6 |  7- 9 || total
-------------------------+-------+-------+-------++-------
Melee: Short sword       |    36 |       |       ||    36
       Bite              |    17 |    32 |     4 ||    53
       Whip              |    40 |   103 |     8 ||   151
       Punch             |     1 |       |     1 ||     2
  Use: Scroll            |     4 |     2 |       ||     6
       Potion            |     4 |     1 |       ||     5
 Stab: Sleeping          |     2 |       |       ||     2
       Invisible         |     1 |     2 |       ||     3
Armor: Leather armour    |    25 |    38 |     4 ||    67
Dodge: Dodged            |    58 |    54 |     6 ||   118

Levels and vault maps discovered:
D:1:      lemuel_arrival_behind_the_door_small, layout_loops_ring,
          serial_co_window_serial, co_window_of_opportunity_a,
          co_window_of_opportunity_a, co_window_of_opportunity_a,
          co_window_paths_b, co_window_corner_a, co_window_corner_ca,
          co_window_of_opportunity_b, co_window_broadway_b, co_window_sun,
          glass_columns_b, glass_columns_b, glass_columns_a, glass_columns_a,
          glass_columns_a, hex_medium
D:2:      layout_basic, hellmonk_ecumenical_altar_watching_god, basic_altar,
          kennysheep_generic_room_6
D:3:      layout_basic
D:4:      layout_cave_pods, minmay_diced_spiral
D:5:      layout_layer_cave

Notes
Turn   | Place    | Note
-------+----------+-------------------------------------------
     0 | D:1      | spaghetti the Vine Stalker Chaos Knight began the quest for
                  | the Orb.
     0 | D:1      | Reached XP level 1. HP: 11/11 MP: 2/2
     0 | D:1      | magus.rc [v1.9.6]
    92 | D:1      | Reached skill level 3 in Short Blades
   275 | D:1      | XOM: butterfly on damage
   278 | D:1      | Reached XP level 2. HP: 10/16 MP: 3/3
   405 | D:1      | XOM: divination: detect creatures
   406 | D:1      | You pick up a book of Cantrips and begin reading...
   406 | D:1      | You add the spells Animate Skeleton, Summon Small Mammal
                  | and Apportation to your library.
   531 | D:1      | XOM: silly message
   852 | D:1      | XOM: polymorph giant cockroach -> endoplasm
   963 | D:1      | Reached XP level 3. HP: 19/19 MP: 4/4
  1193 | D:1      | XOM: 1-stop teleportation journey
  1332 | D:2      | You fall into a shaft and drop 1 floor!
  1375 | D:3      | XOM: silly message
  1421 | D:3      | Reached skill level 1 in Maces & Flails
  1733 | D:3      | XOM: silly message
  1737 | D:3      | XOM: give mutations
  1737 | D:3      | Gained mutation: You have a pair of small antennae on your
                  | head. [Xom's grace]
  1737 | D:3      | Gained mutation: You are agile. (Dex +2) [Xom's grace]
  1823 | D:3      | XOM: 2-stop teleportation journey
  1845 | D:3      | XOM: silly message
  1867 | D:3      | XOM: butterfly on damage
  1867 | D:3      | XOM: smoke on damage
  1939 | D:3      | XOM: polymorph jelly -> iguana
  2104 | D:4      | Noticed a kobold brigand
  2111 | D:4      | Noticed a tengu
  2111 | D:4      | a kobold brigand changed into a tengu
  2111 | D:4      | XOM: polymorph kobold brigand -> tengu
  2112 | D:4      | XOM: potion effect (curing)
  2115 | D:4      | Noticed a centaur
  2120 | D:4      | XOM: potion effect (might)
  2121 | D:4      | Killed a centaur
  2122 | D:4      | Reached skill level 3 in Maces & Flails
  2122 | D:4      | Gained mutation: Your natural rate of healing is unusually
                  | fast. [Vine Stalker growth]
  2122 | D:4      | Reached XP level 4. HP: 13/23 MP: 5/5
  2122 | D:4      | Reached XP level 5. HP: 16/27 MP: 6/6
  2128 | D:4      | Killed a tengu
  2129 | D:4      | Reached skill level 4 in Maces & Flails
  2133 | D:4      | Reached XP level 6. HP: 22/32 MP: 3/7
  2200 | D:4      | XOM: divination: detect creatures
  2530 | D:4      | XOM: 2-stop teleportation journey
  2545 | D:4      | You pick up a book of the Wilderness and begin reading...
  2545 | D:4      | You add the spells Summon Forest, Summon Mana Viper and
                  | Summon Cactus Giant to your library.
  2573 | D:4      | Reached skill level 5 in Maces & Flails
  2603 | D:4      | You pick up a book of Debilitation and begin reading...
  2603 | D:4      | You add the spells Slow, Vampiric Draining and Confusing
                  | Touch to your library.
  2785 | D:4      | XOM: divination: magic mapping
  2964 | D:5      | Entered Level 5 of the Dungeon
  3032 | D:5      | XOM: summons friendly quasit
  3054 | D:5      | Reached XP level 7. HP: 33/35 MP: 6/8
  3120 | D:5      | Reached skill level 6 in Maces & Flails
  3123 | D:5      | XOM: enchant monster (good)
  3124 | D:5      | HP: 4/33 [orc warrior/+1 mace of draining (10)]
  3124 | D:5      | Slain by an orc warrior

Vanquished Creatures
  A tengu (D:4)
  A centaur (D:4)
  A scorpion (D:4)
  2 hounds (D:4)
  A jelly (D:5)
  2 orc wizards
  4 gnolls (D:5)
  A white imp (D:5)
  An ufetubus (D:4)
  2 dart slugs
  8 orcs
  4 bats
  4 endoplasms
  2 giant cockroaches
  4 goblins
  3 hobgoblins
  2 quokkas (D:4)
  9 ball pythons
  2 frilled lizards (D:1)
  5 kobolds
  5 rats (D:1)
64 creatures vanquished.

Vanquished Creatures (collateral kills)
  An adder (D:5)
  An orc (D:5)
2 creatures vanquished.

Grand Total: 66 creatures vanquished

Table legend:
 A = Non-vault XP
 B = Vault XP
 C = Vault XP percentage of total XP
 D = Non-vault monster count
 E = Vault monster count
 F = Vault count percentage of total count
                 A         B        C        D         E       F
            +---------+---------+-------+---------+---------+-------
      Total |     524 |     162 |  23.6 |      62 |       4 |   6.1
            +---------+---------+-------+---------+---------+-------
        D:1 |      39 |       0 |   0.0 |      26 |       0 |   0.0
        D:3 |      17 |       0 |   0.0 |       8 |       0 |   0.0
        D:4 |     314 |     162 |  34.0 |      19 |       4 |  17.4
        D:5 |     154 |       0 |   0.0 |       9 |       0 |   0.0
            +---------+---------+-------+---------+---------+-------

Illustrated notes

Table legend:
 A = Kills in this place as a percentage of kills in entire the game.
 B = Kills by you in this place as a percentage of kills by you in the entire game.
 C = Kills by friends in this place as a percentage of kills by friends in the entire game.
 D = Other kills in this place as a percentage of other kills in the entire game.
 E = Experience gained in this place as a percentage of experience gained in the entire game.
 F = Experience gained in this place divided by the number of levels of this place that you have seen.
                   A       B       C       D       E      F
               +-------+-------+-------+-------+-------+----------------------
         Total | 100.0 | 100.0 | 100.0 |   N/A | 100.0 | 137.2
       Dungeon | 100.0 | 100.0 | 100.0 |   N/A | 100.0 | 137.2
               +-------+-------+-------+-------+-------+----------------------

Table legend: (Time is in decaauts)
 A = Elapsed time spent in this place.
 B = Non-inter-level travel time spent in this place.
 C = Inter-level travel time spent in this place.
 D = Time resting spent in this place.
 E = Time spent auto-exploring this place.
 F = Levels seen in this place.
 G = Mean time per level.
                   A        B        C        D        E       F      G
               +--------+--------+--------+--------+--------+-----+--------+
         Total |   3105 |   3000 |    105 |    201 |   2265 |   5 |  621.0 |
       Dungeon |   3105 |   3000 |    105 |    201 |   2265 |   5 |  621.0 |
               +--------+--------+--------+--------+--------+-----+--------+

Top non-repeatable levels by time:
     D:1: 1329 daAuts
     D:4: 908 daAuts
     D:3: 714 daAuts
     D:5: 152 daAuts
